 Dungeon Crawl Stone Soup version 0.28.0-53-g5a82cb258f (webtiles) character file.

Game seed: 2415516959116894307

313 Sin92 the Skirmisher (level 6, 0/48 HPs)
             Began as a Demonspawn Fighter on Aug 5, 2022.
             Slain by a phantom (2 damage)
             ... on level 4 of the Dungeon.
             The game lasted 00:04:59 (4007 turns).

Sin92 the Skirmisher (Demonspawn Fighter)           Turns: 4007, Time: 00:05:00

Health: 0/48       AC:  7    Str: 18    XL:     6   Next: 19%
Magic:  6/6        EV:  9    Int: 10    God:
Gold:   691        SH:  4    Dex: 12    Spells: 5/5 levels left

rFire   + . .      SeeInvis .   a - +1 war axe
rCold   . . .      Faith    .   c - +0 buckler
rNeg    . . .      Spirit   .   b - +0 scale mail
rPois   .          Reflect  .   (no helmet)
rElec   .          Harm     .   (no cloak)
rCorr   .          Rampage  .   (no gloves)
Will    .....                   (no boots)
Stlth   ..........              (no amulet)
HPRegen 0.16/turn               j - ring of protection from fire
MPRegen 0.10/turn               (no ring)

@: no status effects
A: claws 2, demonic guardian 1, ignite blood 1
a: no special abilities


You were on level 4 of the Dungeon.
You visited 1 branch of the dungeon, and saw 4 of its levels.

You collected 691 gold pieces.

Inventory:

Hand Weapons
 a - a +1 war axe (weapon)
Missiles
 f - 2 javelins (quivered)
Armour
 b - a +0 scale mail (worn)
 c - a +0 buckler (worn)
Jewellery
 j - a ring of protection from fire (left claw)
 p - a ring of wizardry
 q - a ring of magical power
Scrolls
 e - 4 scrolls of identify
 r - 2 scrolls of teleportation
Potions
 g - a potion of haste
 h - a potion of flight
 m - a potion of curing
 o - a potion of brilliance {unknown}


   Skills:
 + Level 4.1 Fighting
 * Level 4.0 Axes
 + Level 3.7 Armour
 + Level 3.6 Shields


You had 5 spell levels left.
You didn't know any spells.
Your spell library contained the following spells:

 Spells                   Type           Power      Damage    Failure   Level
 Call Canine Familiar     Summ           0%         N/A       99%         3
 Portal Projectile        Hex/Tloc       0%         N/A       99%         3
 Leda's Liquefaction      Hex/Erth       0%         N/A       100%        4


Dungeon Overview and Level Annotations

Branches:
Dungeon (4/15)
 Temple: D:4-7

Altars:
Fedhas

Annotations:
D:4 exclusion: oklob plant


Innate Abilities, Weirdness & Mutations

You have very sharp fingernails.
A weak demonic guardian rushes to your aid.
Your demonic aura sometimes causes spilled blood to erupt in flames.


Message History

You closely miss the phantom.
The phantom is lightly damaged.
The phantom barely misses you. The phantom hits you!
Unknown command.
You are too injured to fight recklessly!
Unknown command.
You are too injured to fight recklessly!
Unknown command.
You are too injured to fight recklessly!
Unknown command.
You are too injured to fight recklessly!
Unknown command.
You are too injured to fight recklessly!
You barely miss the phantom.
The phantom is lightly damaged.
The phantom hits you.
You hit the phantom but do no damage.
The phantom is lightly damaged.
You block the phantom's attack.
You completely miss the phantom.
The phantom is lightly damaged.
The phantom closely misses you. x2
You barely miss the phantom.
The phantom is lightly damaged.
You block the phantom's attack.
You barely miss the phantom.
The phantom hits you but does no damage.
You completely miss the phantom. The phantom barely misses you.
The phantom hits you.
You barely miss the phantom.
The phantom hits you but does no damage.
You closely miss the phantom. The phantom hits you!
* * * LOW HITPOINT WARNING * * *
A demonic guardian appears!
The phantom blinks!
You blink.
You closely miss the phantom.
The phantom hits you but does no damage. x2
You barely miss the phantom. The phantom hits you.
* * * LOW HITPOINT WARNING * * *
You hit the phantom but do no damage. The phantom hits you.
You die...

####...###
###........###
####...)........###
##.................##
#...................#
##......!...........
# ##..........5....#
## ##...........W.##
.## ##..........@.#
..###.?#.........##
......###.......##
†....## #.....#
......# ###..#
.......# ##.#
........# #.#
.......## ......##


You could see a phantom (ally target) and a friendly shadow imp (summoned).

Vanquished Creatures
  A black bear (D:4)
  A bullfrog zombie (D:3)
  A hound (D:4)
  A centaur skeleton (D:4)
  3 adders
  3 gnolls (D:3)
  A worm (D:2)
  3 dart slugs
  An orc (D:4)
  4 ball pythons
  2 bats
  7 endoplasms
  2 giant cockroaches
  7 goblins
  10 hobgoblins
  4 kobolds
  5 quokkas (D:1)
  7 frilled lizards
  4 rats
  3 bushes (D:3)
70 creatures vanquished.

Vanquished Creatures (others)
  2 fungi (D:4)
  10 plants
12 creatures vanquished.

Grand Total: 82 creatures vanquished

Notes
Turn   | Place    | Note
-------+----------+-------------------------------------------
     0 | D:1      | Sin92 the Demonspawn Fighter began the quest for the Orb.
     0 | D:1      | Reached XP level 1. HP: 18/18 MP: 1/1
   202 | D:1      | Gained mutation: A weak demonic guardian rushes to your
                  | aid. [demonic ancestry]
   202 | D:1      | Reached XP level 2. HP: 24/24 MP: 2/2
   609 | D:1      | Gained mutation: You have sharp fingernails. [demonic
                  | ancestry]
   609 | D:1      | Reached XP level 3. HP: 28/29 MP: 3/3
   739 | D:1      | Found a faded altar of an unknown god.
  1464 | D:2      | Gained mutation: Your demonic aura sometimes causes spilled
                  | blood to erupt in flames. [demonic ancestry]
  1464 | D:2      | Reached XP level 4. HP: 35/35 MP: 4/4
  2388 | D:3      | Reached XP level 5. HP: 29/42 MP: 5/5
  2808 | D:3      | Identified a scroll of acquirement
  2808 | D:3      | Acquired 521 gold pieces
  3074 | D:4      | Noticed a black bear
  3082 | D:4      | Killed a black bear
  3493 | D:4      | Gained mutation: You have very sharp fingernails. [demonic
                  | ancestry]
  3493 | D:4      | Reached XP level 6. HP: 35/46 MP: 6/6
  3761 | D:4      | Found a blossoming altar of Fedhas.
  3782 | D:4      | Noticed an oklob plant
  4006 | D:4      | HP: 2/48 [phantom (6)]
  4007 | D:4      | Slain by a phantom

Illustrated notes

Levels and vault maps discovered:
D:1:      minmay_arrival_stone_box, layout_basic,
          hellmonk_ecumenical_altar_inner_sanctum
D:2:      layout_loops_ring
D:3:      layout_rooms, serial_forest, infiniplex_forest_split,
          infiniplex_forest_straight_2, infiniplex_forest_clump_double,
          infiniplex_forest_straight_4, infiniplex_forest_end_2,
          infiniplex_forest_clump_long, infiniplex_forest_straight_4,
          infiniplex_forest_3_way, minmay_misc_feat_alley
D:4:      minmay_recursive_quarters, layout_cave_pods, tgw_fedhas

Skill      XL: |  1  2  3  4  5  6 |
---------------+-------------------+-----
Axes           | 2 3 4 |  4.0
Armour         | 3 |  3.7
Shields        | 3 |  3.6
Fighting       | 4 |  4.1

Action                   |  1- 3 |  4- 6 || total
-------------------------+-------+-------++-------
Melee: War axe           |   118 |   298 ||   416
  Use: Scroll            |     1 |     8 ||     9
       Potion            |       |     5 ||     5
Armor: Scale mail        |    71 |    62 ||   133
Dodge: Dodged            |    49 |    55 ||   104
Block: Buckler           |    26 |    41 ||    67
